 Dungeon Crawl Stone Soup version 0.19.5 (webtiles) character file.

88 tidbits the Slasher (level 4, 0/29 HPs)
             Began as a High Elf Skald on Nov 15, 2017.
             Was an Initiate of Cheibriados.
             Slain by a river rat (1 damage)
             ... summoned by Eustachio
             ... on level 4 of the Dungeon.
             The game lasted 00:09:19 (905 turns).

tidbits the Slasher (High Elf Skald)                 Turns: 905, Time: 00:09:19

Health: 0/29       AC:  5    Str: 15 (18) XL:     4   Next: 30%
Magic:  5/9        EV: 11    Int: 14 (17) God:    Cheibriados [......]
Gold:   26         SH:  3    Dex: 13 (15) Spells: 4 memorised, 1 level left

rFire  . . .     SeeInvis .     a - +0 falchion
rCold  . . .     Gourm    .     B - +0 leather armour
rNeg   . . .     Faith    .     (no shield)
rPois  .         Spirit   .     (no helmet)
rElec  .         Reflect  +     C - +0 cloak
rCorr  .         Harm     .     G - +0 pair of gloves
MR     .....                    (no boots)
Stlth  ++........               i - +3 amulet of reflection
                                (no ring)
                                (no ring)

@: mighty, very slightly contaminated, very slow
A: no striking features
a: Bend Time, Renounce Religion


You were on level 4 of the Dungeon.
You worshipped Cheibriados.
Cheibriados was noncommittal.
You were hungry.

You visited 1 branch of the dungeon, and saw 4 of its levels.

You collected 26 gold pieces.

Inventory:

Hand Weapons
 a - a +0 falchion (weapon)
 f - a +1 dagger of holy wrath
   (You took it off a goblin on level 1 of the Dungeon)
 l - a +0 hunting sling
   (You found it on level 2 of the Dungeon)
Missiles
 b - 14 arrows
 j - 4 bolts
 k - 12 stones (quivered)
Armour
 p - a +0 ring mail
   (You found it on level 3 of the Dungeon)
 B - a +0 leather armour (worn)
 C - a +0 cloak (worn)
   (You found it on level 1 of the Dungeon)
 G - a +0 pair of gloves (worn)
   (You found it on level 2 of the Dungeon)
Jewellery
 i - a +3 amulet of reflection (around neck)
   (You found it on level 2 of the Dungeon)
Scrolls
 g - a scroll of immolation {unknown}
 h - 2 scrolls of amnesia {unknown}
 o - a scroll of blinking
Potions
 m - 2 potions of brilliance
Books
 c - a book of Battle

   Spells                             Type                      Level
   a - Infusion                       Charms                       1
   b - Shroud of Golubria             Charms/Translocation         2
   c - Song of Slaying                Charms                       2
   d - Spectral Weapon                Hexes/Charms                 3
   e - Regeneration                   Charms/Necromancy            3
Comestibles
 d - 2 bread rations
 q - a meat ration


   Skills:
 - Level 2.0 Fighting
 - Level 4.6 Long Blades
 - Level 0.8 Armour
 - Level 1.1 Dodging
 + Level 1.4 Stealth
 - Level 3.2 Spellcasting
 - Level 3.6 Charms


You had one spell level left.
You knew the following spells:

 Your Spells              Type           Power        Failure   Level  Hunger
g - Shroud of Golubria    Chrm/Tloc      #.........   21%         2    ##.....
i - Infusion              Chrm           ##..         10%         1    #......
r - Regeneration          Chrm/Necr      #.........   38%         3    ###....
y - Song of Slaying       Chrm           ##......     12%         2    ##.....


Dungeon Overview and Level Annotations

Branches:
Dungeon (4/15)
 Temple: D:4-7

Altars:
Cheibriados
Elyvilon
Vehumet

Annotations:
D:4 Eustachio


Message History

You hit the adder skeleton.
The adder skeleton is moderately damaged.
The adder skeleton barely misses you.
Casting: Regeneration
Confirm with . or Enter, or press ? or * to list all spells.
Your skin crawls.
The adder skeleton bites you.
* * * LOW HITPOINT WARNING * * *
You barely miss the adder skeleton.
The adder skeleton is moderately damaged.
The adder skeleton closely misses you.
You closely miss the adder skeleton.
The adder skeleton is moderately damaged.
Your skin is crawling a little less now.
Eustachio gestures wildly while chanting.
Eustachio blinks!
The adder skeleton bites you.
* * * LOW HITPOINT WARNING * * *
You slash the adder skeleton!
You destroy the adder skeleton!
Cheibriados thoroughly appreciates the change of pace.
You barely miss the white imp. The white imp barely misses you.
You barely miss the white imp.
The white imp disappears in a puff of smoke!
Okay, then.
Okay, then.
You hit the dart slug.
The dart slug is heavily wounded.
You are feeling hungry.
Eustachio mumbles some strange words.
You slash the dart slug!
You kill the dart slug!
Your skin stops crawling.
Eustachio casts a spell.
The bat hits you but does no damage. The bat closely misses you.
You riposte.
You completely miss the bat.
Eustachio casts a spell.
Eustachio blinks!
Found 5 gold pieces.
You see here a dart slug corpse.
You miss the bat.
The bat closely misses you. x2; You riposte.
You slash the bat!
You kill the bat!
The bat's corpse disappears in a puff of smoke!
Eustachio gestures wildly while chanting.
Eustachio screams, "This atrocity can only be purified with blood!"
The crimson imp hits you.
* * * LOW HITPOINT WARNING * * *
You closely miss the crimson imp. You block the crimson imp's attack.
You slash the crimson imp!
You kill the crimson imp!
Eustachio growls, "To hell with you, honourless miscreant!"
The shadow imp closely misses you.
You hit the shadow imp.
The shadow imp is lightly wounded.
The shadow imp closely misses you.
You barely miss the shadow imp.
The shadow imp is lightly wounded.
The shadow imp closely misses you.
Your leather armour prevents you from hitting the shadow imp.
The shadow imp is lightly wounded.
The shadow imp barely misses you.
You riposte.
You slash the shadow imp!
The shadow imp is almost dead.
You slash the shadow imp!
You kill the shadow imp!
You hit Eustachio.
Eustachio is lightly wounded.
The white imp disappears in a puff of smoke!
Eustachio casts a spell.
Eustachio hits you with a rapier.
* * * LOW HITPOINT WARNING * * *
Your leather armour prevents you from hitting Eustachio.
Eustachio is lightly wounded.
Eustachio closely misses you.
Okay, then.
Okay, then.
You slash Eustachio!
Eustachio is moderately wounded.
Eustachio mumbles some strange words.
You slash Eustachio!
Eustachio is severely wounded.
The shadow imp closely misses you.
Eustachio casts a spell.
Eustachio blinks!
You hit the shadow imp.
The shadow imp is heavily wounded.
The shadow imp closely misses you.
You hit the shadow imp.
The shadow imp is severely wounded.
The river rat completely misses you.
You riposte.
You closely miss the river rat. The shadow imp hits you.
* * * LOW HITPOINT WARNING * * *
Eustachio casts a spell.
You closely miss the shadow imp.
The shadow imp is severely wounded.
The river rat barely misses you.
You riposte.
You hit the river rat.
The river rat is heavily wounded.
The shadow imp misses you.
You hit the shadow imp.
You kill the shadow imp!
The river rat bites you.
You die...

#####
#########....$#
#<....†@r@.....
#########5.....
.#### #A.. ...
.. #


You could see an angel (mute), Eustachio, an iron imp and a river rat.

Vanquished Creatures
  4 adders
  An adder skeleton (D:4)
  2 dart slugs
  2 leopard geckos
  3 orcs (D:3)
  3 bats (D:2)
  A giant cockroach (D:1)
  6 goblins
  6 hobgoblins
  4 kobolds
  2 quokkas (D:3)
  2 frilled lizards (D:1)
  6 rats
42 creatures vanquished.

Notes
Turn   | Place    | Note
-------+----------+-------------------------------------------
     0 | D:1      | tidbits the High Elf Skald began the quest for the Orb.
     0 | D:1      | Reached XP level 1. HP: 14/14 MP: 4/4
   140 | D:1      | Reached skill level 3 in Long Blades
   150 | D:1      | Reached XP level 2. HP: 19/19 MP: 3/6
   156 | D:1      | Learned a level 2 spell: Song of Slaying
   167 | D:1      | Learned a level 2 spell: Shroud of Golubria
   293 | D:2      | Reached skill level 4 in Long Blades
   293 | D:2      | Reached XP level 3. HP: 18/24 MP: 1/8
   346 | D:2      | Reached skill level 3 in Spellcasting
   353 | D:2      | Learned a level 3 spell: Regeneration
   436 | D:2      | Found a white marble altar of Elyvilon.
   551 | D:3      | Found a radiant altar of Vehumet.
   552 | D:3      | Found a snail-covered altar of Cheibriados.
   556 | D:3      | Became a worshipper of Cheibriados the Contemplative
   597 | D:4      | Noticed Eustachio
   699 | D:3      | Reached XP level 4. HP: 25/29 MP: 1/9
   811 | D:2      | Reached skill level 1 in Stealth
   891 | D:4      | Noticed an angel
   903 | D:4      | HP: 1/29 [shadow imp[Eustachio] (5)]
   905 | D:4      | Slain by a river rat

Skill      XL: |  1  2  3  4 |
---------------+-------------+-----
Long Blades    | 3 4 |  4.6
Spellcasting   | 3 |  3.2
Stealth        | 1 |  1.4
Fighting       | |  2.0
Armour         | |  0.8
Dodging        | |  1.1
Charms         | |  3.6

Action                   |  1- 3 |  4- 6 || total
-------------------------+-------+-------++-------
Melee: Falchion          |    78 |    46 ||   124
 Cast: Infusion          |    14 |     4 ||    18
       Regeneration      |     1 |     2 ||     3
       Shroud of Golubri |       |     1 ||     1
  Use: Potion            |     1 |     2 ||     3
       Scroll            |     3 |       ||     3
  Eat: Chunk             |       |     1 ||     1
Armor: Leather armour    |    27 |    11 ||    38
Dodge: Dodged            |    43 |    32 ||    75
Block: Other             |     4 |     3 ||     7
       Rpst.: Falchion   |    10 |     9 ||    19

Table legend:
 A = Turns spent in this place as a percentage of turns spent in the entire game.
 B = Non-inter-level travel turns spent in this place as a percentage of non-inter-level travel turns spent in the entire game.
 C = Inter-level travel turns spent in this place as a percentage of turns spent in this place.
 D = Turns resting spent in this place as a percentage of non-inter-level travel turns spent in this place.
 E = Turns spent auto-exploring this place as a percentage of non-inter-level travel turns spent in this place.
 F = Non-inter-level travel turns spent in this place divided by the number of levels of this place that you've seen.
                   A       B       C       D       E      F
               +-------+-------+-------+-------+-------+----------------------
         Total | 100.0 | 100.0 |   0.0 |   0.0 |   0.0 | 221.2
       Dungeon | 100.0 | 100.0 |   0.0 |   0.0 |   0.0 | 221.2
               +-------+-------+-------+-------+-------+----------------------

Table legend:
 A = Kills in this place as a percentage of kills in entire the game.
 B = Kills by you in this place as a percentage of kills by you in the entire game.
 C = Kills by friends in this place as a percentage of kills by friends in the entire game.
 D = Other kills in this place as a percentage of other kills in the entire game.
 E = Experience gained in this place as a percentage of experience gained in the entire game.
 F = Experience gained in this place divided by the number of levels of this place that you have seen.
                   A       B       C       D       E      F
               +-------+-------+-------+-------+-------+----------------------
         Total | 100.0 | 100.0 |  -nan |  -nan | 100.0 |  31.8
       Dungeon | 100.0 | 100.0 |  -nan |  -nan | 100.0 |  31.8
               +-------+-------+-------+-------+-------+----------------------

Vault maps used:
D:1:      ncdulo_lavacross
D:2:      nicolae_overflow_crystal_walls
D:3:      gammafunk_temple_overflow_statue, minmay_misc_feat_columns,
          kennysheep_generic_room_14
D:4:      grunt_temple_overflow_order_and_chaos_1, first_bread,
          item_on_display_a, uniq_eustachio
